 Dungeon Sprint DCSS version 0.20-a0-1066-ga910694 (webtiles) character file.

298 Krakonus1 the Fighter (level 8, -14/86 HPs)
             Began as a Minotaur Monk on Apr 25, 2017.
             Was a High Priest of Wu Jian.
             Demolished by the 27-headed Lernaean hydra (15 damage)
             ... in the Dungeon (Sprint VI: "Thunderdome") on Apr 28, 2017.
             The game lasted 00:12:03 (621 turns).

Krakonus1 the Fighter (Minotaur Monk)                Turns: 621, Time: 00:12:03

Health: -14/86     AC:  5    Str: 15    XL:     8   Next: 49%
Magic:  0/7        EV: 24    Int:  7    God:    Wu Jian [*****.]
Gold:   240        SH:  0    Dex: 26    Spells: 7/7 levels left

rFire    . . .     SeeInvis +     - Unarmed
rCold    + + .     Gourm    .   (no shield)
rNeg     + . .     Faith    .   n - +0 troll leather armour
rPois    +         Spirit   +   (helmet restricted)
rElec    +         Reflect  .   o - +0 cloak {MR+}
rCorr    .         Harm     .   (no gloves)
MR       +....     NoTele   +   (no boots)
Stlth    +++.......             p - amulet of Fokhourph {Spirit rElec rPois Slay+3}
Regen    0.7/turn               m - ring of Puur {rN+ Dex+4 SInv}
MPRegen  0.1/turn               q - ring of Kah Oth {+Fly rC++ Dex+6}

@: no status effects
A: retaliatory headbutt, horns 2
a: Serpent's Lash, Heavenly Storm, Renounce Religion, Evoke Flight


You were in the Dungeon.
You worshipped Wu Jian.
Wu Jian was extremely pleased with you.
You were not hungry.

You visited 1 branch You collected 600 gold pieces.
You spent 360 gold pieces at shops.

Inventory:

Armour
 a - a +0 robe
 n - a +0 troll leather armour (worn)
 o - a +0 cloak of magic resistance (worn)
Jewellery
 m - the ring of Puur (left hand) {rN+ Dex+4 SInv}
   (You bought it in a shop in the Dungeon)

   [ring of see invisible]

   It affects your dexterity (+4).
   It protects you from negative energy.
   It lets you see invisible.
 p - the amulet of Fokhourph (around neck) {Spirit rElec rPois Slay+3}
   (You bought it in a shop in the Dungeon)

   [amulet of guardian spirit]

   It causes incoming damage to be split between your health and magic.
   It affects your accuracy and damage with ranged weapons and melee attacks
   (+3).
   It insulates you from electricity.
   It protects you from poison.
 q - the ring of Kah Oth (right hand) {+Fly rC++ Dex+6}
   (You bought it in a shop in the Dungeon)

   [ring of flight]

   It affects your dexterity (+6).
   It greatly protects you from cold.
   It lets you fly.
 r - the ring "Oggozxoo" {+Fly rElec rF+ rN+}
   (You bought it in a shop in the Dungeon)

   [ring of protection from fire]

   It protects you from fire.
   It insulates you from electricity.
   It protects you from negative energy.
   It lets you fly.
Wands
 j - a wand of acid (5/15)
 k - a wand of iceblast (2/15)
Scrolls
 h - 4 scrolls of blinking
 l - 3 scrolls of fog
Potions
 c - a potion of curing
 d - a potion of heal wounds
 e - 4 potions of haste
 f - 2 potions of magic
 g - a potion of berserk rage
 i - 2 potions of resistance
Comestibles
 b - a bread ration


   Skills:
 * Level 13.5 Fighting
 * Level 12.5 Dodging
 - Level 3.2 Stealth
 * Level 11.7 Unarmed Combat


You had 7 spell levels left.
You didn't know any spells.

Dungeon Overview and Level Annotations

Branches:
Dungeon (1/1)

Altars:
Cheibriados
Dithmenos
Fedhas
Gozag
Kikubaaqudgha
Makhleb
Okawaru
Qazlal
Ru
Sif Muna
Trog
Uskayaw
Vehumet
Wu Jian
Xom
Yredelemnul
Zin
The Shining One
Beogh
Jiyva
Lugonu

Shops:
D *[%??*?*:[((!!!!

Annotations:
D Lernaean hydra


Innate Abilities, Weirdness & Mutations

You reflexively headbutt those who attack you in melee.
You have a pair of horns on your head.


Message History

The 27-headed Lernaean hydra bites you!
The 27-headed Lernaean hydra bites you but does no damage.
The 27-headed Lernaean hydra completely misses you.
The 27-headed Lernaean hydra misses you.
The 27-headed Lernaean hydra bites you. x3
The 27-headed Lernaean hydra completely misses you.
The 27-headed Lernaean hydra barely misses you.
The 27-headed Lernaean hydra bites you! x2
The 27-headed Lernaean hydra barely misses you.
The 27-headed Lernaean hydra bites you!
* * * LOW HITPOINT WARNING * * *
The 27-headed Lernaean hydra bites you but does no damage.
The 27-headed Lernaean hydra closely misses you.
The 27-headed Lernaean hydra bites you!
* * * LOW HITPOINT WARNING * * *
The 27-headed Lernaean hydra misses you.
The 27-headed Lernaean hydra bites you.
* * * LOW HITPOINT WARNING * * *
The 27-headed Lernaean hydra bites you!
You die...

#..[..# ##.....## ##∩.....∩##
#∩)......∩# #_......._#
#_........# #_.).(..._#
###....D....### #⌠.....@..[..⌠#
######.8.........8.######
##∩___...÷..###......___∩##
###∩...÷....8.# #.8........∩###
##.............###.............##
#⌠..........###..)###..........⌠#
#⌠..........# #.<.# #...[......⌠#
#⌠..........###...###..........⌠#
##.............###.............##


You could see the 27-headed Lernaean hydra.

Vanquished Creatures
  2 bog bodies (D)
  Eustachio (D)
  An insubstantial wisp (D)
  2 orc warriors (D)
  A swamp drake (D)
  An ogre (D)
  Blork the orc (D)
  2 bullfrogs (D)
  A gnoll sergeant (D)
  2 crimson imps (D)
  A quasit (D)
  2 orc priests (D)
  Crazy Yiuf (D)
  An orc wizard (D)
  3 gnolls (D)
  A shadow imp (D)
  A white imp (D)
24 creatures vanquished.

Notes
Turn   | Place    | Note
-------+----------+-------------------------------------------
     0 | D        | Krakonus1 the Minotaur Monk began the quest for the Orb.
     0 | D        | Reached XP level 1. HP: 22/22 MP: 0/0
     1 | D        | Found a snail-covered altar of Cheibriados.
     1 | D        | Found a basalt altar of Yredelemnul.
     2 | D        | Found an opulent altar of Gozag.
     3 | D        | Found a hide-covered altar of Uskayaw.
     3 | D        | Found a roughly hewn altar of Beogh.
     4 | D        | Found a viscous altar of Jiyva.
     4 | D        | Found a glowing silver altar of Zin.
     4 | D        | Found Mablehib's Staff Store.
     4 | D        | Found Plog's Magic Scroll Shop.
     5 | D        | Found Ranguskahac's Must-Have Magic.
     5 | D        | Found Falliep's Magic Scroll Shop.
     5 | D        | Round 1.
     7 | D        | Found a blossoming altar of Fedhas.
     8 | D        | Found a glowing golden altar of the Shining One.
     9 | D        | Found a burning altar of Makhleb.
    10 | D        | Found Oshreakh's Bee Food.
    10 | D        | Found a sacrificial altar of Ru.
    10 | D        | Found a corrupted altar of Lugonu.
    10 | D        | Found a shadowy altar of Dithmenos.
    10 | D        | Found Mimm's Identification Station.
    11 | D        | Found Noptoabb's Jewellery.
    11 | D        | Found Madgh's Advanced Armour.
    14 | D        | Noticed Crazy Yiuf
    14 | D        | Found a radiant altar of Vehumet.
    15 | D        | Found a shimmering altar of Xom.
    21 | D        | Reached skill level 5 in Fighting
    21 | D        | Reached skill level 5 in Dodging
    21 | D        | Reached XP level 2. HP: 20/29 MP: 1/1
    31 | D        | Noticed a gnoll sergeant
    31 | D        | Killed Crazy Yiuf
    31 | D        | Reached skill level 6 in Fighting
    31 | D        | Reached XP level 3. HP: 31/38 MP: 2/2
    35 | D        | Found a deep blue altar of Sif Muna.
    36 | D        | Found Qucef's Distillery.
    36 | D        | Found an iron altar of Okawaru.
    36 | D        | Found a bloodstained altar of Trog.
    36 | D        | Found Saarutt's Do-It-Yourself Clinic.
    37 | D        | Found Ohaopie's Distillery.
    37 | D        | Found Ciotow's Bottled Wisdom.
    41 | D        | Found an ornate altar of the Wu Jian Council.
    42 | D        | Found an ancient bone altar of Kikubaaqudgha.
    43 | D        | Found a stormy altar of Qazlal.
    44 | D        | Found Mapask's Weapon Rack.
    45 | D        | Found Heiryoh's Basic Armour.
    45 | D        | Found Ocozoadd's Miscellaneous Merchandise.
    49 | D        | Became a worshipper of the Wu Jian Council
    49 | D        | Reached * piety under Wu Jian
    49 | D        | Reached ** piety under Wu Jian
    54 | D        | Found Wekhlol's Premium Goods.
    68 | D        | Killed a gnoll sergeant
    68 | D        | Reached skill level 7 in Fighting
    68 | D        | Reached skill level 5 in Unarmed Combat
    68 | D        | Reached XP level 4. HP: 24/48 MP: 3/3
    80 | D        | Arena points: 12 (+12) [x2]
    80 | D        | Reached skill level 8 in Fighting
    98 | D        | Bought a +0 troll leather armour for 180 gold pieces
   101 | D        | Round 2.
   126 | D        | Noticed Eustachio
   152 | D        | Killed Eustachio
   152 | D        | Reached *** piety under Wu Jian
   152 | D        | Reached skill level 9 in Fighting
   152 | D        | Reached XP level 5. HP: 47/58 MP: 4/4
   162 | D        | Reached skill level 10 in Fighting
   162 | D        | Reached XP level 6. HP: 60/66 MP: 5/5
   214 | D        | Reached **** piety under Wu Jian
   227 | D        | Arena points: 54 (+42) [x3]
   254 | D        | Bought a shimmering steel amulet for 45 gold pieces
   254 | D        | Identified the amulet of Fokhourph {Spirit rElec rPois Slay+3} (You bought it in a shop in the Dungeon)
   297 | D        | Round 3.
   298 | D        | Noticed a bog body
   308 | D        | Killed a bog body
   308 | D        | Reached skill level 11 in Fighting
   308 | D        | Reached skill level 10 in Dodging
   308 | D        | Reached XP level 7. HP: 74/74 MP: 4/6
   340 | D        | Noticed a bog body
   347 | D        | Killed a bog body
   347 | D        | Reached skill level 12 in Fighting
   347 | D        | Reached skill level 10 in Unarmed Combat
   362 | D        | Reached ***** piety under Wu Jian
   381 | D        | Arena points: 138 (+84) [x4]
   381 | D        | Reached XP level 8. HP: 76/85 MP: 7/7
   393 | D        | Bought a shimmering marble ring for 45 gold pieces
   393 | D        | Bought an ancient steel ring for 45 gold pieces
   393 | D        | Identified the ring of Puur {rN+ Dex+4 SInv} (You bought it in a shop in the Dungeon)
   394 | D        | Identified the ring of Kah Oth {+Fly rC++ Dex+6} (You bought it in a shop in the Dungeon)
   395 | D        | Bought a glittering amber ring for 45 gold pieces
   396 | D        | Identified the ring "Oggozxoo" {+Fly rElec rF+ rN+} (You bought it in a shop in the Dungeon)
   456 | D        | Round 4.
   490 | D        | Reached skill level 13 in Fighting
   513 | D        | Noticed Blork the orc
   523 | D        | Killed Blork the orc
   545 | D        | Arena points: 298 (+160) [x5]
   558 | D        | Upgraded the game from 0.20-a0-1043-gbd57889 to 0.20-a0-1066-ga910694
   603 | D        | Round 5.
   615 | D        | Noticed the 27-headed Lernaean hydra
   621 | D        | HP: 4/86 [the 27-headed Lernaean hydra (8)]
   621 | D        | HP: 1/86 [the 27-headed Lernaean hydra (3)]
   621 | D        | Demolished by the 27-headed Lernaean hydra

Vault maps used:
D:        arena_sprint

Skill      XL: |  1  2  3  4  5  6  7  8 |
---------------+-------------------------+-----
Fighting       | 5 6 7 9 10 11 12 13 | 13.5
Dodging        | 5 6 7 9 10 11 12 | 12.5
Unarmed Combat | 2 3 5 7 8 9 11 | 11.7
Stealth        | |  3.2

Action                   |  1- 3 |  4- 6 |  7- 9 || total
-------------------------+-------+-------+-------++-------
Melee: Unarmed           |    20 |    49 |    49 ||   118
       Headbutt          |     6 |     8 |    12 ||    26
       Punch             |       |     3 |     6 ||     9
Evoke: Wand              |       |       |     3 ||     3
  Use: Potion            |     2 |       |     1 ||     3
 Stab: Distracted        |       |     1 |     1 ||     2
Armor: Troll leather arm |       |    12 |     6 ||    18
Dodge: Dodged            |    15 |    44 |    35 ||    94
